Map: [ESL] Oceanborn

Players

Stats - Winner!

  • Race: Protoss Protoss
  • League: Master
  • Spawn Location: 11:00

Coffeeame (Coffee)

  • Race: Terran Terran
  • League: Grandmaster
  • Spawn Location: 5:00

Event: IEM Katowice 2024

VOD

Have the link to the VOD?

Description

Time

  • Played on: Dec. 6, 2023, 4:57 a.m.
  • Length: 12:10

All games in this series

Show
View Real Time Build Order
Export as new Build Order

Stats Protoss - Winner!

Build Orders: 1 Gate Expand, Phoenix Opening, Blink Stalkers 

Get SALT Encoding   

  12  0:00  Probe  
  13  0:12  Probe  
  14  0:17  Pylon  
  14  0:24  Probe (Chrono Boost)  
  15  0:36  Gateway, Probe (Chrono Boost)  
  16  0:44  Probe (Chrono Boost)  
  16  0:46  Assimilator  
  17  0:51  Probe  
  18  1:03  Probe  
  19  1:15  Probe  
  20  1:23  Cybernetics Core  
  20  1:32  Nexus  
  20  1:34  Probe  
  21  1:41  Pylon  
  21  1:45  Assimilator  
  21  1:48  Probe  
  22  1:57  Adept (Chrono Boost)  
  22  2:00  Probe (Chrono Boost)  
  25  2:02  Warp Gate  
  25  2:13  Probe (Chrono Boost)  
  26  2:17  Shield Battery  
  26  2:18  Probe (Chrono Boost)  
  26  2:20  Sentry  
  29  2:28  Probe  
  30  2:42  Twilight Council  
  30  2:43  Probe (Chrono Boost)  
  31  2:44  Stalker  
  31  2:45  Probe (Chrono Boost)  
  34  2:52  Phoenix  
  34  2:55  Probe (Chrono Boost)  
  34  2:56  Probe (Chrono Boost)  
  36  3:00  Probe (Chrono Boost)  
  36  3:04  Probe  
  38  3:09  Gateway  
  38  3:12  Probe  
  39  3:15  Gateway  
  39  3:16  Probe  
  39  3:17  Blink (Chrono Boost)  
  40  3:24  Probe (Chrono Boost)  
  41  3:31  Pylon  
  43  3:34  Probe (Chrono Boost)  
  43  3:35  Probe (Chrono Boost)  
  43  3:40  Probe (Chrono Boost)  
  44  3:42  Probe (Chrono Boost)  
  44  3:47  Robotics Facility  
  45  3:50  Probe  
  45  3:53  Probe  
  45  3:54  Stalker  
  49  4:02  Nexus  
  49  4:06  Probe x2  
  49  4:08  Assimilator  
  51  4:10  Assimilator  
  51  4:18  Probe x2  
  51  4:19  Pylon  
  53  4:25  Pylon  
  53  4:38  Stalker x3  
  57  4:40  Probe x2  
  53  4:57  Probe x2  
  55  5:02  Stalker x3  
  61  5:09  Probe  
  56  5:19  Nexus  
  56  5:20  Probe  
  54  5:22  Immortal (Chrono Boost)  
  54  5:25  Stalker x3  
  54  5:28  Pylon  
  61  5:32  Pylon  
  59  5:51  Pylon  
  59  5:53  Immortal (Chrono Boost), Stalker  
  59  5:54  Stalker  
  63  6:05  Probe x2  
  65  6:15  Cybernetics Core  
  65  6:17  Zealot, Probe x2  
  69  6:20  Zealot x2  
  73  6:29  Probe x2  
  71  6:33  Warp Prism  
  69  6:44  Probe x2  
  69  6:50  Probe  
  69  6:51  Charge  
  69  6:53  Forge  
  70  6:54  Sentry, Zealot  
  70  6:55  Zealot, Forge  
  70  6:56  Probe x2  
  70  6:59  Templar Archives  
  78  7:02  Probe  
  78  7:04  Gateway  
  78  7:05  Gateway  
  78  7:07  Shield Battery  
  79  7:09  Observer (Chrono Boost)  
  79  7:10  Gateway  
  80  7:19  Gateway, Protoss Ground Weapons Level 1 (Chrono Boost)  
  80  7:20  Gateway, Protoss Ground Armor Level 1 (Chrono Boost)  
  80  7:21  Pylon  
  80  7:23  Zealot x2  
  80  7:24  Zealot  
  80  7:26  Observer (Chrono Boost)  
  87  7:33  Pylon  
  87  7:36  Probe x3  
  90  7:38  Psionic Storm  
  88  7:48  Probe x3  
  88  7:49  Assimilator  
  88  7:50  Assimilator  
  91  7:56  High Templar x3  
  97  7:59  Nexus  
  97  8:00  Pylon  
  97  8:06  High Templar  
  97  8:07  Zealot x2  
  103  8:18  Zealot x2  
  103  8:19  Pylon  
  107  8:23  Probe x3  
  110  8:28  Zealot x2  
  110  8:29  Zealot x2  
  110  8:30  Zealot, Pylon  
  120  8:39  Photon Cannon  
  120  8:40  Probe x3, Pylon  
  123  8:43  High Templar x2, Zealot  
  129  8:51  High Templar  
  129  8:52  High Templar, Zealot x3  
  129  8:55  Probe x2  
  141  8:57  Archon  
  141  8:58  Probe  
  142  9:06  Zealot  
  144  9:16  Zealot x5  
  150  9:20  Immortal  
  149  9:30  Archon  
  145  9:33  Zealot x3  
  145  9:38  Archon  
  146  9:40  Protoss Ground Weapons Level 2 (Chrono Boost)  
  146  9:41  Protoss Ground Armor Level 2 (Chrono Boost)  
  126  9:45  Zealot  
  126  9:46  Zealot x4  
  130  9:59  Zealot x3  
  124  10:04  Gateway  
  124  10:06  Gateway  
  120  10:08  Warp Prism  
  120  10:09  Gateway  
  120  10:10  Gateway, High Templar x2  
  120  10:11  High Templar x3  
  132  10:21  High Templar x2, Zealot  
  138  10:31  Nexus  
  138  10:34  Probe  
  138  10:35  Probe x3, Pylon  
  142  10:44  Assimilator x2  
  142  10:45  Stalker x2  
  142  10:46  Stalker x3  
  142  10:47  Stalker  
  148  11:01  Observer  
  148  11:03  Robotics Bay  
  149  11:04  Robotics Facility  
  149  11:08  Archon  
  149  11:09  Zealot x5  
  149  11:10  Zealot x2  
  149  11:11  Zealot x2  
  154  11:20  Probe x3  
  157  11:27  Zealot x3  
  157  11:31  Zealot x4  
  169  11:36  Pylon  
  169  11:37  Pylon  
  169  11:39  Pylon  
  159  11:43  Zealot x5  
  159  11:44  Probe x3  
  159  11:45  Probe  
  159  11:46  Probe  
  166  12:00  Zealot x6  
Show
View Real Time Build Order
Export as new Build Order

Coffeeame Terran 

Build Orders:  

Get SALT Encoding   

  12  0:00  SCV  
  13  0:12  SCV  
  14  0:17  Supply Depot  
  14  0:24  SCV  
  15  0:39  SCV  
  15  0:40  Barracks  
  16  0:43  Refinery  
  16  0:51  SCV  
  16  0:52  Refinery  
  17  1:03  SCV  
  18  1:15  SCV  
  19  1:28  Orbital Command, Reaper  
  20  1:36  Supply Depot  
  20  1:41  Factory  
  20  1:54  SCV  
  20  2:00  Barracks Reactor  
  21  2:07  SCV  
  22  2:15  Command Center  
  22  2:19  SCV  
  23  2:26  Hellion  
  25  2:31  SCV  
  26  2:37  Reaper x2  
  26  2:40  Supply Depot  
  26  2:43  SCV  
  29  2:47  Hellion  
  31  2:53  Starport  
  31  3:01  SCV  
  32  3:09  Factory Tech Lab, Marine x2  
  34  3:13  SCV  
  35  3:22  Refinery  
  35  3:25  SCV  
  36  3:27  Siege Tank  
  39  3:36  Marine x2  
  39  3:37  Medivac  
  39  3:38  SCV  
  44  3:53  Orbital Command  
  44  3:55  SCV  
  44  3:57  Marine x2  
  44  4:00  Siege Tank  
  50  4:08  Barracks  
  50  4:13  SCV  
  50  4:16  Liberator  
  54  4:20  Supply Depot  
  54  4:41  Siege Tank, SCV x2, Marine x2  
  54  4:43  Supply Depot  
  56  4:55  SCV  
  56  4:58  Barracks Tech Lab  
  56  4:59  Marine  
  58  5:04  SCV  
  58  5:07  Marine, SCV  
  60  5:17  SCV, Marine  
  60  5:19  SCV  
  60  5:21  Marine  
  61  5:22  Barracks  
  61  5:23  Stimpack  
  61  5:25  Command Center, Marine  
  62  5:30  Siege Tank  
  65  5:40  Marine x2  
  66  5:43  Starport Reactor, SCV x2  
  66  5:46  Supply Depot  
  68  5:55  SCV  
  66  5:58  SCV, Marine x2  
  69  6:07  SCV  
  65  6:11  Marine  
  65  6:12  Siege Tank  
  65  6:13  Barracks Tech Lab, SCV  
  69  6:19  SCV  
  69  6:21  Supply Depot  
  69  6:23  Marine x2  
  69  6:24  Engineering Bay  
  71  6:26  SCV  
  71  6:29  Marine  
  71  6:31  SCV  
  63  6:42  Marine x3  
  63  6:44  Orbital Command, Siege Tank, SCV x2  
  63  6:46  Combat Shield  
  68  6:53  Terran Infantry Weapons Level 1  
  68  6:57  Barracks  
  68  6:58  Marauder  
  68  6:59  Barracks  
  70  7:02  Concussive Shells  
  70  7:03  Orbital Command, Marine x2, Refinery  
  70  7:07  SCV x2  
  74  7:12  Medivac x2  
  78  7:17  Marauder  
  78  7:20  Siege Tank, Marauder  
  85  7:25  Supply Depot  
  85  7:26  Marine x2  
  85  7:29  SCV  
  88  7:30  SCV  
  88  7:31  SCV  
  86  7:46  Viking x2, Marauder x2  
  86  7:50  Barracks Reactor, Barracks Tech Lab, Marine x2  
  96  7:52  SCV x3  
  96  7:56  Supply Depot x2  
  102  7:58  Siege Tank  
  102  8:04  SCV x3  
  105  8:11  Bunker  
  105  8:15  Marauder x2  
  105  8:17  SCV x3  
  105  8:18  Marauder, Supply Depot  
  113  8:20  Marine x2  
  113  8:26  Viking x2  
  119  8:27  Marine x2  
  121  8:36  Missile Turret  
  121  8:38  Marauder x2  
  121  8:40  Siege Tank, Marauder  
  130  8:50  Marine x3  
  130  8:54  Missile Turret  
  133  8:56  Supply Depot x2  
  133  9:03  Refinery  
  133  9:17  Liberator x2, Marine  
  133  9:18  Marauder, SCV  
  133  9:21  Marauder x2  
  147  9:27  Supply Depot  
  147  9:28  Siege Tank, Supply Depot  
  143  9:40  Marauder  
  143  9:41  Marine x2  
  143  9:43  Marauder x2  
  129  9:47  Marine x2  
  121  9:53  Terran Infantry Armor Level 1  
  121  9:59  Marine x2  
  111  10:01  Siege Tank, SCV, Marauder  
  111  10:03  Medivac x2  
  111  10:04  Marauder, Marine x2, SCV  
  111  10:07  Marine  
  119  10:11  SCV  
  119  10:13  SCV, Refinery  
  122  10:15  Supply Depot  
  122  10:22  Marine x2  
  122  10:28  Ghost Academy  
  124  10:29  Marauder x3, Marine  
  124  10:34  Medivac x2  
  135  10:42  Factory Reactor  
  135  10:45  Marine x2  
  135  10:46  Marine  
  135  10:47  Marine  
  135  10:48  Command Center  
  139  10:55  Engineering Bay  
  139  10:57  Armory  
  133  11:00  Ghost x3  
  130  11:16  Marine x2  
  130  11:17  Marine  
  125  11:20  Widow Mine x2  
  125  11:25  Medivac x2  
  133  11:29  Marauder x3  
  133  11:32  Marine  
  135  11:34  Marine x2  
  131  11:41  Widow Mine  
  131  11:42  Widow Mine  
  130  11:48  Marine  
  113  11:58  SCV  

Tags
 
Add a new tag
Caveats
  • Supply blocks, unpowered buildings, or Contaminate may cause inaccurate times.
  • Supply counts are checked every 10 seconds.